 Dungeon Crawl Stone Soup version 0.28.0-43-g3370ac3207 (webtiles) character file.

Game seed: 15167028753072995971

96 zazu2006 the Magician (level 4, -2/36 HPs)
             Began as a Naga Hedge Wizard on Mar 8, 2022.
             Slain by a gnoll
             ... wielding a +0 spear
              (6 damage)
             ... on level 2 of the Dungeon.
             The game lasted 00:02:30 (1660 turns).

zazu2006 the Magician (Naga Hedge Wizard)           Turns: 1660, Time: 00:02:30

Health: -2/36      AC:  2    Str: 13    XL:     4   Next: 67%
Magic:  6/9        EV:  9    Int: 16    God:
Gold:   53         SH:  0    Dex: 10    Spells: 9/10 levels left

rFire   . . .      SeeInvis +   a - +0 dagger
rCold   . . .      Faith    .   (no shield)
rNeg    . . .      Spirit   .   k - +0 leather armour
rPois   +          Reflect  .   c - +0 hat
rElec   .          Harm     .   (no cloak)
rCorr   .          Rampage  .   (no gloves)
Will    .....                   (no barding)
Stlth   +.........              (no amulet)
HPRegen 0.12/turn               i - +4 ring of slaying
MPRegen 0.11/turn               (no ring)

@: lit by a corona, glowing, very slow
A: AC +1, large, see invisible, deformed body, poison resistance, slowness 2,
spit poison 1, naga tail 1
a: Spit Poison


You were on level 2 of the Dungeon.
You visited 1 branch of the dungeon, and saw 2 of its levels.

You collected 53 gold pieces.

Inventory:

Hand Weapons
 a - a +0 dagger (weapon)
Armour
 c - a +0 hat (worn)
 k - a +0 leather armour (worn)
Jewellery
 i - a +4 ring of slaying (left hand)
Scrolls
 f - a scroll of noise {unknown}
 g - a scroll of teleportation {unknown}
 h - a scroll of enchant weapon {unknown}
 j - 2 scrolls of identify {unknown}
Potions
 b - a potion of curing {unknown}
 d - 2 potions of brilliance {unknown}
 e - a potion of lignification {unknown}


   Skills:
 + Level 0.1 Fighting
 + Level 1.8 Dodging
 + Level 3.9 Stealth
 + Level 3.9 Spellcasting
 + Level 2.5 Conjurations
 + Level 1.0 Summonings
 + Level 1.0 Translocations


You had 9 spell levels left.
You knew the following spells:

 Your Spells              Type           Power      Damage    Failure   Level
a - Magic Dart            Conj           44%        1d5       8%          1

Your spell library contained the following spells:

 Spells                   Type           Power      Damage    Failure   Level
 Slow                     Hex            12%        N/A       22%         1
 Blink                    Tloc           12%        N/A       22%         2
 Call Imp                 Summ           6%         N/A       22%         2
 Conjure Flame            Conj/Fire      7%         6-21      36%         3
 Gell's Gravitas          Tloc           6%         N/A       38%         3
 Lesser Beckoning         Tloc           6%         N/A       38%         3
 Teleport Other           Tloc           6%         N/A       38%         3
 Mephitic Cloud           Conj/Pois/Air  5%         N/A       41%         3
 Portal Projectile        Hex/Tloc       8%         N/A       45%         3
 Blade Hands              Tmut           1%         N/A       99%         5
 Excruciating Wounds      Necr           1%         N/A       99%         5


Dungeon Overview and Level Annotations

Branches:
Dungeon (2/15)

Altars:


Innate Abilities, Weirdness & Mutations

Your serpentine skin is tough. (AC +1)
You have supernaturally acute eyesight. (SInv)
Armour fits poorly on your strangely shaped body.
Your system is resistant to poisons. (rPois)
You cover ground very slowly.
You can spit poison.
You have a snake-like lower body.


Message History

Aim: a gnoll shaman, wielding a +0 club and wearing a +0 robe (almost dead, poisoned, 100% to hit)
The magic dart hits the gnoll shaman but does no damage.
The gnoll shaman is almost dead.
You have got your breath back.
The gnoll shaman looks more healthy.
The gnoll shaman calls down the wrath of its god upon you.
You are outlined in light.
Casting: Magic Dart (safe; 9% risk of failure)
Confirm with . or Enter, or press ? or * to list all spells.
Aiming: Magic Dart (safe; 9% risk of failure)
Press: ? - help, Shift-Dir - straight line, f/p - gnoll shaman
Aim: a gnoll shaman, wielding a +0 club and wearing a +0 robe (almost dead, 100% to hit)
The magic dart hits the gnoll shaman but does no damage.
The gnoll shaman is almost dead.
The gnoll shaman hits you with a +0 club.
Aiming: Spit Poison (1% risk of failure)
Press: ? - help, Shift-Dir - straight line, f/p - gnoll shaman
Aim: a gnoll shaman, wielding a +0 club and wearing a +0 robe (almost dead, 65% to hit)
The splash of poison hits the gnoll shaman!
The gnoll shaman is poisoned.
You kill the gnoll shaman!
A gnoll comes into view. It is wielding a +0 spear.
You can't do that yet.
An endoplasm comes into view.
You have got your breath back.
A goblin comes into view. It is wielding a +0 dagger.
Found a scroll labelled FARGHU TAHORCHAN.
The endoplasm quivers.
The goblin shouts!
The endoplasm closely misses you.
The endoplasm hits you but does no damage.
The endoplasm freezes you.
You are frozen.
The endoplasm freezes you.
You are frozen.
The gnoll hits you from afar with a +0 spear!
* * * LOW HITPOINT WARNING * * *
The endoplasm barely misses you.
The gnoll hits you from afar with a +0 spear.
You die...

...(# #.# #..# #.#
#####..##### #?#
#..........## #.#
#.###.......########.###
# #.#
##†###.............
###.####.#
#.#########.####
.......#.#
#.#####g.......#
.......#.#
#.##.@J.g..###.#
.........#
#.##>#####..##.#
.......### #.#.#.##
#..##g# .......#
#..###.###.....# #
.......# #.##
##.##..##.#####.#
.......# ##.
##.###..##....g..#
########
#.#..†..........$... #
#.####....######### #
### ######


You could see a gnoll, an endoplasm and a goblin.

Vanquished Creatures
  A gnoll shaman (D:2)
  2 adders (D:2)
  A gnoll (D:2)
  2 dart slugs (D:2)
  2 bats (D:1)
  6 endoplasms (D:1)
  A giant cockroach (D:1)
  3 hobgoblins (D:1)
  4 jackals (D:1)
  A quokka (D:1)
  5 ball pythons
  A frilled lizard (D:1)
  A goblin (D:1)
  A kobold (D:1)
  3 rats (D:1)
34 creatures vanquished.

Notes
Turn   | Place    | Note
-------+----------+-------------------------------------------
     0 | D:1      | zazu2006 the Naga Hedge Wizard began the quest for the Orb.
     0 | D:1      | Reached XP level 1. HP: 15/15 MP: 4/4
   235 | D:1      | Found a faded altar of an unknown god.
   316 | D:1      | Reached XP level 2. HP: 22/22 MP: 3/6
  1114 | D:1      | Reached XP level 3. HP: 25/28 MP: 1/8
  1611 | D:2      | Reached XP level 4. HP: 36/36 MP: 7/9
  1660 | D:2      | Slain by a gnoll

Illustrated notes

Levels and vault maps discovered:
D:1:      matt_arrival_grand_opening, layout_loops_ring, basic_ecumenical_altar
D:2:      layout_loops_ring, basic_altar

Skill      XL: |  1  2  3 |
---------------+----------+-----
Conjurations   | 2 |  2.5
Fighting       | |  0.1
Dodging        | |  1.8
Stealth        | |  3.9
Spellcasting   | |  3.9
Summonings     | |  1.0
Translocations | |  1.0

Action                   |  1- 3 |  4- 6 || total
-------------------------+-------+-------++-------
Melee: Dagger            |    13 |     5 ||    18
       Punch             |       |     1 ||     1
 Cast: Magic Dart        |    63 |     6 ||    69
 Abil: Spit Poison       |     6 |     3 ||     9
 Stab: Sleeping          |     2 |       ||     2
Armor: Robe              |     4 |       ||     4
       Leather armour    |       |     1 ||     1
Dodge: Dodged            |     9 |     6 ||    15
